 Dungeon Crawl Stone Soup version 0.23.1-37-gaa34b87b72 (webtiles) character file.

Game seed: 10402389645620221500

21280 PentaManta the Sharpshooter (level 13, -1/85 HPs)
             Began as a Kobold Hunter on Mar 22, 2019.
             Was a High Priest of Okawaru.
             Killed from afar by Jorgrun (21 damage)
             ... with a blast of rock fragments
             ... on level 13 of the Dungeon.
             The game lasted 00:43:50 (15676 turns).

PentaManta the Sharpshooter (Kobold Hunter)        Turns: 15676, Time: 00:43:51

Health: -1/85      AC: 11    Str: 11    XL:     13   Next: 18%
Magic:  0/13       EV: 26    Int: 13    God:    Okawaru [*****.]
Gold:   645        SH:  0    Dex: 21    Spells: 12/12 levels left

rFire    . . .     SeeInvis .   a - +2 hand crossbow
rCold    . . .     Gourm    .   (shield restricted)
rNeg     . . .     Faith    .   c - +0 leather armour
rPois    .         Spirit   +   s - +1 helmet
rElec    .         Reflect  .   J - scarf {Spirit}
rCorr    .         Harm     .   x - +2 pair of gloves
MR       +....                  k - +2 pair of boots {Fly}
Stlth    +++.......             (no amulet)
HPRegen  0.24/turn              i - ring "Giutaih" {MR+ Stlth+}
MPRegen  0.13/turn              F - +3 ring of dexterity

@: flying, very slightly contaminated, invisible
A: small, carnivore
a: Heroism, Finesse, Renounce Religion, Stop Flying


You were on level 13 of the Dungeon.
You worshipped Okawaru.
Okawaru was extremely pleased with you.
You were not hungry.

You visited 2 branches of the dungeon, and saw 14 of its levels.
You also visited: Sewer.

You collected 757 gold pieces.
You spent 112 gold pieces at shops.

Inventory:

Hand Weapons
 a - a +2 hand crossbow (weapon)
 A - a +1 dagger of venom
Missiles
 d - 104 bolts (quivered)
Armour
 c - a +0 leather armour (worn)
 k - a +2 pair of boots of flying (worn)
 s - a +1 helmet (worn)
 x - a +2 pair of gloves (worn)
 J - a scarf of spirit shield (worn)
Jewellery
 e - an uncursed ring of protection from fire
 h - an uncursed ring of protection from fire
 i - the ring "Giutaih" (left hand) {MR+ Stlth+}
   (You acquired it on level 7 of the Dungeon)

   [ring of stealth]

   It affects your resistance to hostile enchantments.
   It makes you more stealthy.
 r - a +2 ring of protection
 F - a +3 ring of dexterity (right hand)
 I - an uncursed ring of wizardry {unknown}
 N - a +2 ring of protection
Wands
 l - a wand of enslavement (15)
 p - a wand of disintegration (22)
 u - a wand of paralysis (8)
 v - a wand of acid (6)
 y - a wand of iceblast (14)
 z - a wand of random effects (21)
 E - a wand of polymorph (7)
 O - a wand of flame (9)
Scrolls
 n - 5 scrolls of enchant armour
 o - 5 scrolls of remove curse
 q - a scroll of enchant weapon
 w - 3 scrolls of identify
 B - 2 scrolls of magic mapping
 C - a scroll of torment
 G - a scroll of fear
 K - 2 scrolls of amnesia
 L - 3 scrolls of teleportation
 P - a scroll of blinking
 R - a scroll of random uselessness {unknown}
 T - a scroll of fog
Potions
 b - 2 potions of might
 g - 4 potions of brilliance {unknown}
 j - 3 potions of invisibility
 m - a potion of berserk rage {unknown}
 t - 4 potions of curing {unknown}
 D - 3 potions of flight {unknown}
 H - a potion of degeneration {unknown}
 M - a potion of resistance {unknown}
 Q - 2 potions of agility {unknown}
 S - a potion of magic {unknown}
Comestibles
 f - 24 rations


   Skills:
 + Level 11.6 Fighting
 * Level 17.1 Crossbows
 + Level 12.5 Dodging
 - Level 1.3 Stealth


You had 12 spell levels left.
You didn't know any spells.
Your spell library contained the following spells:

 Spells                   Type           Power        Failure   Level  Hunger
 Animate Skeleton         Necr           N/A          38%         1    ##.....
 Apportation              Tloc           #.....       38%         1    ##.....
 Confusing Touch          Hex            #.....       38%         1    ##.....
 Corona                   Hex            #......      38%         1    ##.....
 Magic Dart               Conj           #...         38%         1    ##.....
 Summon Small Mammal      Summ           #...         38%         1    ##.....
 Searing Ray              Conj           #.....       52%         2    ###....
 Slow                     Hex            #.......     52%         2    ###....
 Dazzling Spray           Conj/Hex       #.....       77%         3    ####...
 Inner Flame              Hex/Fire       #.......     77%         3    ####...
 Portal Projectile        Hex/Tloc       #.....       77%         3    ####...
 Cause Fear               Hex            #.........   99%         4    #####..
 Force Lance              Conj/Tloc      #.......     99%         4    #####..
 Fulminant Prism          Conj/Hex       #.........   99%         4    #####..
 Iskenderun's Mystic Bla  Conj           #.......     99%         4    #####..
 Leda's Liquefaction      Hex/Erth       #.........   99%         4    #####..


Dungeon Overview and Level Annotations

Branches:
Dungeon (13/15)            Temple (1/1) D:5            Lair (0/6) D:8
    Orc (0/2) D:12
 Vaults: D:13-14

Altars:
Ashenzari
Cheibriados
Dithmenos
Elyvilon
Fedhas
Gozag
Hepliaklqana
Kikubaaqudgha
Makhleb
Nemelex Xobeh
Okawaru
Qazlal
Ru
Sif Muna
Trog
Uskayaw
Vehumet
Wu Jian
Xom
Yredelemnul
Zin
The Shining One

Shops:
D:8 (   D:12 *

Annotations:
D:8 5 runed translucent doors
D:13 Jorgrun


Innate Abilities, Weirdness & Mutations

You are small and have problems with some larger weapons.
You are carnivorous and can eat meat at any time.


Message History

Press: ? - help, Shift-Dir - straight line, f/p - Jorgrun
Aim: Jorgrun, wielding a staff of earth and wearing a +0 robe of magic resistance (severely wounded)
You shoot a bolt. The bolt barely misses Jorgrun.
The vampire mosquito completely misses you.
The vampire mosquito barely misses you.
Firing (i - inventory)
d - 106 bolts (quivered)
Press: ? - help, Shift-Dir - straight line, f/p - Jorgrun
Aim: Jorgrun, wielding a staff of earth and wearing a +0 robe of magic resistance (severely wounded)
You shoot a bolt. The bolt hits Jorgrun!
Jorgrun is almost dead.
The vampire mosquito misses you. Jorgrun completely misses you.
The vampire mosquito closely misses you.
Firing (i - inventory)
d - 105 bolts (quivered)
Press: ? - help, Shift-Dir - straight line, f/p - Jorgrun
Aim: Jorgrun, wielding a staff of earth and wearing a +0 robe of magic resistance (almost dead)
You shoot a bolt. The bolt barely misses Jorgrun.
The vampire mosquito completely misses you.
Jorgrun casts a spell at something.
The wall shatters!
The blast of rock fragments hits you!!
You die...

#.........# #.#
#.#######.## #.#
#########.# ####...#
#.## #......(..#
#.##.#.# #...
#.#######.# #.##..)#
#.## #..# #.###..# #...
#.# #.# #..# #.##
#####..##.###(.######.##
#......@g(....((......##
#.####.#y.(###.#######..
#. #.##((((#.######...
#.# #.###...#.##.......
#.# ### #..#######....
#.# .(# #.... #.# .(#
#...# #### #.# ..#.O
#...# ##.... #.### .T.
###.#


You could see Jorgrun and a vampire mosquito.

Vanquished Creatures
  A hydra (D:12)
  5 two-headed ogres
  An unseen horror (D:12)
  A wolf spider zombie (D:13)
  An ugly thing (D:11)
  2 centaur zombies
  2 trolls
  4 hippogriffs
  2 wraiths
  2 shadows
  Sigmund (D:4)
  33 yaks
  A basilisk (D:13)
  A wyvern (D:9)
  A hungry ghost (D:10)
  Eustachio (D:6)
  4 vampire mosquitoes
  Edmund (D:6)
  A soldier ant (D:12)
  Duvessa (D:7)
  2 black bears (D:8)
  4 orc warriors
  4 ice beasts
  A porcupine (D:8)
  2 phantoms
  A necrophage (D:12)
  4 ogres
  4 sky beasts
  10 centaurs
  3 crocodiles
  6 big kobolds
  7 bullfrogs
  Dowan (D:7)
  2 wyvern skeletons
  3 scorpions
  10 killer bees
  5 wights (D:8)
  A howler monkey (D:9)
  5 crimson imps
  5 hounds
  A quasit (D:10)
  4 bullfrog zombies
  6 orc priests
  3 jellies
  3 bullfrog skeletons
  A gnoll shaman (D:5)
  11 orc wizards
  3 centaur skeletons
  5 iguanas
  6 worker ants
  A hound zombie (D:9)
  Robin (D:2)
  2 worker ant zombies
  18 gnolls
  13 adders
  4 river rats (D:5)
  3 shadow imps
  3 oozes
  2 adder skeletons
  4 worms
  3 dart slugs
  6 leopard geckos
  41 orcs
  8 bats
  3 giant cockroaches
  17 goblins
  15 hobgoblins
  5 jackals
  38 kobolds
  3 quokkas
  A ball python (D:7)
  7 frilled lizards
  A jackal skeleton (D:9)
  10 rats
398 creatures vanquished.

Vanquished Creatures (others)
  10 fungi (D:8)
  A plant (D:8)
11 creatures vanquished.

Grand Total: 409 creatures vanquished

Notes
Turn   | Place    | Note
-------+----------+-------------------------------------------
     0 | D:1      | PentaManta the Kobold Hunter began the quest for the Orb.
     0 | D:1      | Reached XP level 1. HP: 12/12 MP: 1/1
    46 | D:1      | Reached skill level 5 in Crossbows
    66 | D:1      | Reached XP level 2. HP: 18/18 MP: 2/2
   183 | D:1      | Reached XP level 3. HP: 11/22 MP: 3/3
   766 | D:1      | Reached XP level 4. HP: 3/27 MP: 4/4
  1429 | D:2      | Reached skill level 6 in Crossbows
  1544 | D:2      | Reached XP level 5. HP: 32/32 MP: 5/5
  2008 | D:2      | Noticed Robin
  2023 | D:2      | Killed Robin
  2293 | D:2      | Found a shadowy altar of Dithmenos.
  2298 | D:2      | Found a stormy altar of Qazlal.
  2301 | D:2      | Found a hide-covered altar of Uskayaw.
  2559 | D:3      | Reached XP level 6. HP: 31/38 MP: 6/6
  3618 | D:4      | Reached skill level 7 in Crossbows
  3705 | D:4      | Noticed Sigmund
  3715 | D:4      | Killed Sigmund
  3715 | D:4      | Reached XP level 7. HP: 43/43 MP: 7/7
  3752 | D:4      | Found an ancient bone altar of Kikubaaqudgha.
  3883 | D:4      | Found a glowing drain.
  3895 | Sewer    | Entered a sewer
  4074 | Sewer    | Reached skill level 8 in Crossbows
  4074 | Sewer    | Reached skill level 5 in Dodging
  4783 | D:5      | Entered Level 5 of the Dungeon
  5043 | D:5      | Reached skill level 5 in Fighting
  5043 | D:5      | Reached XP level 8. HP: 49/49 MP: 8/8
  5590 | D:5      | Reached skill level 9 in Crossbows
  6046 | D:5      | Found a staircase to the Ecumenical Temple.
  6048 | D:5      | Found a faded altar of an unknown god.
  6073 | Temple   | Entered the Ecumenical Temple
  6091 | Temple   | Became a worshipper of Warmaster Okawaru
  6622 | D:5      | Reached skill level 10 in Crossbows
  6622 | D:5      | Reached XP level 9. HP: 51/55 MP: 9/9
  6876 | D:6      | Reached * piety under Okawaru
  6961 | D:6      | Noticed Eustachio
  6965 | D:6      | Killed Eustachio
  7018 | D:6      | Noticed Edmund
  7030 | D:6      | Killed Edmund
  7030 | D:6      | Reached skill level 11 in Crossbows
  7133 | D:6      | Found an ornate altar of the Wu Jian Council.
  7282 | D:7      | Noticed Duvessa
  7282 | D:7      | Noticed Dowan
  7288 | D:7      | Killed Duvessa
  7290 | D:7      | Killed Dowan
  7659 | D:7      | Identified a scroll of acquirement
  7660 | D:7      | Got a bound bronze ring
  7662 | D:7      | Identified the ring "Giutaih" {MR+ Stlth+} (You acquired it
                  | on level 7 of the Dungeon)
  7707 | D:7      | Reached ** piety under Okawaru
  8164 | D:8      | Reached XP level 10. HP: 56/63 MP: 10/10
  8229 | D:8      | Noticed a two-headed ogre
  8241 | D:8      | Noticed a two-headed ogre
  8282 | D:7      | Reached skill level 12 in Crossbows
  8350 | D:8      | Found a runed translucent door.
  8351 | D:8      | Found a runed translucent gate.
  8351 | D:8      | Found a runed translucent gate.
  8361 | D:8      | Found the +9 staff of Olgreb {rPois}
  8607 | D:8      | Killed a two-headed ogre
  8607 | D:8      | Reached *** piety under Okawaru
  8985 | D:8      | Found a staircase to the Lair.
  9030 | D:8      | Found a runed translucent gate.
  9031 | D:8      | Found a runed translucent door.
  9050 | D:8      | Found Ruda's Antique Weapon Emporium.
  9237 | D:8      | Received a gift from Okawaru
  9685 | D:9      | Reached skill level 13 in Crossbows
  9799 | D:9      | Noticed a two-headed ogre
  9804 | D:9      | Noticed a two-headed ogre
  9807 | D:9      | Killed a two-headed ogre
  9831 | D:9      | Killed a two-headed ogre
  9831 | D:9      | Reached **** piety under Okawaru
  9831 | D:9      | Reached XP level 11. HP: 44/71 MP: 11/11
 10245 | D:9      | Reached skill level 10 in Dodging
 10492 | D:9      | Reached skill level 14 in Crossbows
 10506 | D:10     | Entered Level 10 of the Dungeon
 10624 | D:10     | Reached ***** piety under Okawaru
 10875 | D:10     | Received a gift from Okawaru
 10967 | D:10     | Received a gift from Okawaru
 11726 | D:10     | Noticed a two-headed ogre
 11746 | D:10     | Killed a two-headed ogre
 11746 | D:10     | Reached skill level 10 in Fighting
 11995 | D:10     | Reached skill level 15 in Crossbows
 12245 | D:11     | Noticed a brown ugly thing
 12520 | D:11     | Killed a brown ugly thing
 12520 | D:11     | Reached XP level 12. HP: 77/77 MP: 5/12
 13334 | D:11     | Received a gift from Okawaru
 13373 | D:11     | Reached skill level 16 in Crossbows
 13379 | D:11     | Received a gift from Okawaru
 14002 | D:12     | Noticed a four-headed hydra
 14017 | D:12     | Killed a four-headed hydra
 14017 | D:12     | Received a gift from Okawaru
 14097 | D:12     | Found a staircase to the Orcish Mines.
 14218 | D:12     | Killed an unseen horror
 14289 | D:12     | Received a gift from Okawaru
 14691 | D:12     | Noticed a two-headed ogre
 14698 | D:12     | Killed a two-headed ogre
 14698 | D:12     | Reached XP level 13. HP: 74/84 MP: 11/13
 14730 | D:12     | Found Gufad's General Store.
 14739 | D:12     | Bought a scroll of fear for 56 gold pieces
 14739 | D:12     | Bought a scroll of magic mapping for 56 gold pieces
 15232 | D:13     | Noticed Jorgrun
 15366 | D:13     | Reached skill level 17 in Crossbows
 15664 | D:13     | Received a gift from Okawaru
 15676 | D:13     | Killed from afar by Jorgrun

Skill      XL: |  1  2  3  4  5  6  7  8  9 10 11 12 13 |
---------------+----------------------------------------+-----
Crossbows      | 5 6 7 8 10 11 13 15 16 17 | 17.1
Dodging        | 3 4 5 6 8 9 11 12 | 12.5
Fighting       | 3 4 5 6 7 9 10 11 | 11.6
Stealth        | |  1.3

Action                   |  1- 3 |  4- 6 |  7- 9 | 10-12 | 13-15 || total
-------------------------+-------+-------+-------+-------+-------++-------
Melee: Short sword       |    76 |   232 |   116 |       |       ||   424
 Fire: Hand crossbow     |    17 |    66 |   335 |   841 |   127 ||  1386
Invok: Heroism           |       |       |       |     1 |       ||     1
       Finesse           |       |       |       |     1 |       ||     1
  Use: Potion            |       |     1 |     3 |     1 |     1 ||     6
       Scroll            |       |    10 |     5 |     3 |       ||    18
 Stab: Sleeping          |     2 |     3 |       |       |       ||     5
  Eat: Chunk             |       |    11 |     9 |    20 |       ||    40
       Ration            |       |       |     1 |     2 |       ||     3
Armor: Leather armour    |    22 |    87 |    77 |    78 |    19 ||   283
Dodge: Dodged            |   109 |   236 |   388 |   538 |   122 ||  1393
